TOP OF THE 1ST |
Waba Ducks batting - Pitching for Topeka Tornados : RHP Willie St. John
|
Pitching: RHP Willie St. John
|
|
Batting: LHB José Rodríguez
|
0-0: Foul Ball, location: 2F 0-1: Ball 1-1: Ball 2-1: SOLO HOME RUN (Flyball, 7D), Distance : 387 ft
|
Batting: RHB Pedro Molina
|
0-0: Called Strike 0-1: Ball 1-1: Fly out, F6 (Flyball, 56D)
|
Batting: LHB Sammy Marshall
|
0-0: Called Strike 0-1: Called Strike 0-2: Ball 1-2: Strikes out swinging
|
Batting: RHB Tony Morton
|
0-0: Ball 1-0: Ground out 6-3 (Groundball, 56D)
|
Top of the 1st over - 1 run(s), 1 hit(s), 0 error(s), 0 left on base; Waba 1 - Topeka 0 |
BOTTOM OF THE 1ST |
Topeka Tornados batting - Pitching for Waba Ducks : RHP Miguel Guerrero
|
Pitching: RHP Miguel Guerrero
|
|
Batting: SHB Javier Peña
|
0-0: Foul Ball, location: 2F 0-1: Fly out, F7 (Flyball, 7LM)
|
Batting: SHB Giancarlo Giannini
|
0-0: Hit by Pitch
|
Batting: LHB José López
|
0-0: Ball 1-0: Ball 2-0: Ground out 4-3 (Groundball, 4MS) Giancarlo Giannini to second
|
Batting: LHB Yoshiaki Ohayashi
|
0-0: Ball 1-0: Called Strike 1-1: Foul Ball, location: 2F 1-2: Ball 2-2: Foul Ball, location: 2F 2-2: Ground out 4-3 (Groundball, 4)
|
Bottom of the 1st over - 0 run(s), 0 hit(s), 0 error(s), 1 left on base; Waba 1 - Topeka 0 |
TOP OF THE 2ND |
Waba Ducks batting - Pitching for Topeka Tornados : RHP Willie St. John
|
Batting: LHB Howard Evans
|
0-0: Called Strike 0-1: Swinging Strike 0-2: Strikes out swinging
|
Batting: RHB Jeremy Flemming
|
0-0: Called Strike 0-1: Ball 1-1: Called Strike 1-2: Foul Ball, location: 2F 1-2: Ball 2-2: Ball 3-2: Ground out 5-3 (Groundball, 56)
|
Batting: RHB Kelly Graham
|
0-0: Called Strike 0-1: Foul Ball, location: 2F 0-2: Strikes out swinging
|
Top of the 2nd over - 0 run(s), 0 hit(s), 0 error(s), 0 left on base; Waba 1 - Topeka 0 |
BOTTOM OF THE 2ND |
Topeka Tornados batting - Pitching for Waba Ducks : RHP Miguel Guerrero
|
Batting: RHB Dave Henderson
|
0-0: Ball 1-0: Fly out, F7 (Line Drive, 78M)
|
Batting: RHB Ed Watkins
|
0-0: Fly out, F7 (Flyball, 7D)
|
Batting: RHB Cho-yun Qiao
|
0-0: Fly out, F7 (Flyball, 7)
|
Bottom of the 2nd over - 0 run(s), 0 hit(s), 0 error(s), 0 left on base; Waba 1 - Topeka 0 |
TOP OF THE 3RD |
Waba Ducks batting - Pitching for Topeka Tornados : RHP Willie St. John
|
Batting: RHB Paul Spencer
|
0-0: Ball 1-0: Ball 2-0: Ball 3-0: Called Strike 3-1: Foul Ball, location: 2F 3-2: Strikes out swinging
|
Batting: SHB Alex Aguilar
|
0-0: Called Strike 0-1: Ball 1-1: Foul Ball, location: 2F 1-2: Ball 2-2: Ball 3-2: Fly out, F4 (Line Drive, 4)
|
Batting: LHB José Rodríguez
|
0-0: Called Strike 0-1: Ball 1-1: Ball 2-1: Ball 3-1: Base on Balls
|
Batting: RHB Pedro Molina
|
0-0: Ball Throwing error on steal attempt, E2 José Rodríguez to third 1-0: Ground out 1-3 (Groundball, 15S)
|
Top of the 3rd over - 0 run(s), 0 hit(s), 1 error(s), 1 left on base; Waba 1 - Topeka 0 |
BOTTOM OF THE 3RD |
Topeka Tornados batting - Pitching for Waba Ducks : RHP Miguel Guerrero
|
Batting: RHB Bob Hall
|
0-0: Ball 1-0: Ball 2-0: Fly out, F9 (Flyball, 9)
|
Batting: LHB Ryan Drake
|
0-0: Ball 1-0: Foul Ball, location: 2F 1-1: Foul Ball, location: 2F 1-2: Ball 2-2: Ball 3-2: Base on Balls
|
Batting: SHB Javier Peña
|
0-0: Called Strike 0-1: Foul Ball, location: 2F 0-2: Ball 1-2: Ball 2-2: Strikes out looking
|
Batting: SHB Giancarlo Giannini
|
0-0: Called Strike 0-1: Foul Ball, location: 2F 0-2: Hit by Pitch Ryan Drake to second
|
Batting: LHB José López
|
0-0: Ball 1-0: Ball 2-0: Called Strike 2-1: Foul Ball, location: 2F 2-2: Foul Ball, location: 2F 2-2: Foul Ball, location: 2F 2-2: Ball 3-2: Foul Ball, location: 2F 3-2: Base on Balls Ryan Drake to third Giancarlo Giannini to second
|
Batting: LHB Yoshiaki Ohayashi
|
0-0: Ball 1-0: Called Strike 1-1: Ball 2-1: Ball 3-1: Called Strike 3-2: Ground out 6-3 (Groundball, 6M)
|
Bottom of the 3rd over - 0 run(s), 0 hit(s), 0 error(s), 3 left on base; Waba 1 - Topeka 0 |
TOP OF THE 4TH |
Waba Ducks batting - Pitching for Topeka Tornados : RHP Willie St. John
|
Batting: LHB Sammy Marshall
|
0-0: Ball 1-0: Swinging Strike 1-1: Foul Ball, location: 2F 1-2: DOUBLE (Line Drive, 7D)
|
Batting: RHB Tony Morton
|
0-0: SINGLE (Line Drive, 6MD) Sammy Marshall to third
|
Batting: LHB Howard Evans
|
0-0: Called Strike Tony Morton steals 2nd base 0-1: Foul Ball, location: 2F 0-2: Ball Passed Ball! Sammy Marshall scores Tony Morton to third 1-2: Foul Ball, location: 2F 1-2: Ball 2-2: Ball 3-2: Ground out 4-3 (Groundball, 4D) Tony Morton scores
|
Batting: RHB Jeremy Flemming
|
0-0: Foul Ball, location: 2F 0-1: Ground out 6-3 (Groundball, 6)
|
Batting: RHB Kelly Graham
|
0-0: Swinging Strike 0-1: Reached on error, E4 (Groundball, 4)
|
Batting: RHB Paul Spencer
|
0-0: Called Strike Kelly Graham steals 2nd base 0-1: Ball 1-1: Ball 2-1: Ball Wild Pitch! Kelly Graham to third 3-1: Base on Balls
|
Batting: SHB Alex Aguilar
|
0-0: Called Strike 0-1: Ball 1-1: Ball 2-1: Fielders Choice at 2nd, 4-6 (Groundball, 34)
|
Top of the 4th over - 2 run(s), 2 hit(s), 1 error(s), 1 left on base; Waba 3 - Topeka 0 |
BOTTOM OF THE 4TH |
Topeka Tornados batting - Pitching for Waba Ducks : RHP Miguel Guerrero
|
Batting: RHB Dave Henderson
|
0-0: Swinging Strike 0-1: Ball 1-1: Fly out, F9 (Flyball, 9)
|
Batting: RHB Ed Watkins
|
0-0: Foul Ball, location: 2F 0-1: Ball 1-1: Ball 2-1: Ball 3-1: SINGLE (Line Drive, 9S)
|
Batting: RHB Cho-yun Qiao
|
0-0: Called Strike 0-1: Fly out, F7 (Flyball, 7)
|
Batting: RHB Bob Hall
|
0-0: Foul Ball, location: 2F 0-1: Ball Wild Pitch! Ed Watkins to second 1-1: SINGLE (Groundball, 34D) Ed Watkins to third Runner from 3rd tries for Home, SAFE, no throw
|
Batting: LHB Ryan Drake
|
0-0: Ball 1-0: Swinging Strike 1-1: Called Strike 1-2: DOUBLE (Flyball, 7LM) Bob Hall to third Runner from 3rd tries for Home, throw and OUT!
|
Bottom of the 4th over - 1 run(s), 3 hit(s), 0 error(s), 1 left on base; Waba 3 - Topeka 1 |
TOP OF THE 5TH |
Waba Ducks batting - Pitching for Topeka Tornados : RHP Willie St. John
|
Batting: LHB José Rodríguez
|
0-0: Ball 1-0: Called Strike 1-1: Foul Ball, location: 2F 1-2: Ball 2-2: Ground out 4-3 (Groundball, 4MD)
|
Batting: RHB Pedro Molina
|
0-0: Called Strike 0-1: SINGLE (Line Drive, 5)
|
Batting: LHB Sammy Marshall
|
0-0: Swinging Strike 0-1: Foul Ball, location: 2F 0-2: Foul Ball, location: 2F 0-2: SINGLE (Flyball, 89S) Pedro Molina to second Runner from 2nd tries for 3rd, SAFE, throw made to third
|
Pitching: RHP Craig Adams
|
|
Batting: RHB Tony Morton
|
0-0: Ball Sammy Marshall is caught stealing 2nd base 1-0: Called Strike 1-1: Called Strike 1-2: Fly out, F8 (Flyball, 8RM)
|
Top of the 5th over - 0 run(s), 2 hit(s), 0 error(s), 1 left on base; Waba 3 - Topeka 1 |
BOTTOM OF THE 5TH |
Topeka Tornados batting - Pitching for Waba Ducks : RHP Miguel Guerrero
|
Batting: SHB Javier Peña
|
0-0: Ball 1-0: Ball 2-0: Called Strike 2-1: Ground out U3 (Groundball, 34)
|
Batting: SHB Giancarlo Giannini
|
0-0: Called Strike 0-1: Ball 1-1: Foul Ball, location: 2F 1-2: Foul Ball, location: 2F 1-2: SINGLE (Line Drive, 34D)
|
Batting: LHB José López
|
0-0: Ball 1-0: Ball 2-0: Called Strike 2-1: SINGLE (Groundball, 4MD) Giancarlo Giannini to second
|
Batting: LHB Yoshiaki Ohayashi
|
0-0: Swinging Strike 0-1: Ball 1-1: Ball 2-1: Fly out, F7 (Flyball, 7LMF)
|
Batting: RHB Dave Henderson
|
0-0: SINGLE (Flyball, 78S) Giancarlo Giannini to third José López to second Runner from 3rd tries for Home, SAFE, no throw
|
Batting: RHB Ed Watkins
|
0-0: Ball 1-0: Ball 2-0: Ball 3-0: Base on Balls José López to third Dave Henderson to second
|
Batting: RHB Cho-yun Qiao
|
0-0: Ball 1-0: Ball 2-0: Called Strike 2-1: Fielders Choice at 2nd, 5-4 (Groundball, 56)
|
Bottom of the 5th over - 1 run(s), 3 hit(s), 0 error(s), 2 left on base; Waba 3 - Topeka 2 |
TOP OF THE 6TH |
Waba Ducks batting - Pitching for Topeka Tornados : RHP Craig Adams
|
Batting: LHB Howard Evans
|
0-0: Swinging Strike 0-1: Ball 1-1: Foul Ball, location: 2F 1-2: Foul Ball, location: 2F 1-2: Ball 2-2: SINGLE (Groundball, 34D)
|
Batting: RHB Jeremy Flemming
|
0-0: Ball 1-0: Called Strike 1-1: Fly out, F8 (Line Drive, 8LD)
|
Batting: RHB Kelly Graham
|
0-0: Ball 1-0: SINGLE (Line Drive, 89M) Howard Evans to second
|
Pitching: RHP Gerald Hood
|
|
Batting: RHB Paul Spencer
|
0-0: Ball 1-0: SINGLE (Line Drive, 7LS) Howard Evans to third Kelly Graham to second
|
Batting: SHB Alex Aguilar
|
0-0: Called Strike 0-1: Called Strike 0-2: Foul Ball, location: 2F 0-2: SINGLE (Line Drive, 8LS) Howard Evans scores Kelly Graham to third Paul Spencer to second Runner from 3rd tries for Home, SAFE, no throw
|
Batting: LHB José Rodríguez
|
0-0: Fly out, F2 (Popup, 25)
|
Batting: RHB Pedro Molina
|
0-0: Swinging Strike 0-1: Ground out 1-3 (Groundball, P)
|
Top of the 6th over - 2 run(s), 4 hit(s), 0 error(s), 2 left on base; Waba 5 - Topeka 2 |
BOTTOM OF THE 6TH |
Topeka Tornados batting - Pitching for Waba Ducks : RHP Miguel Guerrero
|
Pitching: RHP Sergio Torres
|
|
Batting: RHB Bob Hall
|
0-0: Foul Ball, location: 2F 0-1: Ball 1-1: Called Strike 1-2: Foul Ball, location: 2F 1-2: Ball 2-2: DOUBLE (Groundball, 5L)
|
Batting: LHB Ryan Drake
|
0-0: Ball 1-0: SINGLE (Groundball, 5S) (infield hit) Bob Hall to third
|
Batting: SHB Javier Peña
|
0-0: SINGLE (Flyball, 9S) Bob Hall scores Ryan Drake to second Runner from 2nd tries for 3rd, SAFE, throw made to third
|
Batting: SHB Giancarlo Giannini
|
0-0: Ball 1-0: Ball 2-0: Called Strike 2-1: Ball 3-1: Base on Balls Javier Peña to second
|
Batting: LHB José López
|
0-0: Foul Ball, location: 2F 0-1: Foul Ball, location: 2F 0-2: Ball 1-2: Strikes out swinging
|
Batting: LHB Yoshiaki Ohayashi
|
0-0: Called Strike 0-1: Ball 1-1: Fly out, F7 (Flyball, 7D) Runner from 3rd tags up, SCORES, no throw Javier Peña to third
|
Batting: RHB Dave Henderson
|
0-0: Called Strike 0-1: Ball 1-1: Ball 2-1: Foul Ball, location: 2F 2-2: Strikes out swinging
|
Bottom of the 6th over - 2 run(s), 3 hit(s), 0 error(s), 2 left on base; Waba 5 - Topeka 4 |
TOP OF THE 7TH |
Waba Ducks batting - Pitching for Topeka Tornados : RHP Gerald Hood
|
Pitching: LHP Jorge Ybarra
|
|
Batting: LHB Sammy Marshall
|
0-0: Swinging Strike 0-1: Swinging Strike 0-2: Ball 1-2: Foul Ball, location: 2F 1-2: Foul Ball, location: 2F 1-2: Ball 2-2: SINGLE (Line Drive, 8LS)
|
Batting: RHB Tony Morton
|
0-0: Fielders Choice at 2nd, 3-6 (Groundball, 34)
|
Pitching: RHP Reginaldo Coscia
|
|
Batting: LHB Howard Evans
|
0-0: Called Strike 0-1: Grounds into double play, 6-4-3 (Groundball, 6)
|
Top of the 7th over - 0 run(s), 1 hit(s), 0 error(s), 0 left on base; Waba 5 - Topeka 4 |
BOTTOM OF THE 7TH |
Topeka Tornados batting - Pitching for Waba Ducks : RHP Sergio Torres
|
Batting: RHB Ed Watkins
|
0-0: Called Strike 0-1: Foul Ball, location: 2F 0-2: Ball 1-2: Ball 2-2: Ball 3-2: Foul Ball, location: 2F 3-2: Ground out 6-3 (Groundball, 6)
|
Batting: RHB Cho-yun Qiao
|
0-0: Ball 1-0: Foul Ball, location: 2F 1-1: Called Strike 1-2: Fly out, F4 (Popup, 34D)
|
Batting: RHB Bob Hall
|
0-0: Called Strike 0-1: Ball 1-1: Swinging Strike 1-2: Foul Ball, location: 2F 1-2: Strikes out swinging
|
Bottom of the 7th over - 0 run(s), 0 hit(s), 0 error(s), 0 left on base; Waba 5 - Topeka 4 |
TOP OF THE 8TH |
Waba Ducks batting - Pitching for Topeka Tornados : RHP Reginaldo Coscia
|
Batting: RHB Jeremy Flemming
|
0-0: Ball 1-0: Ball 2-0: Ball 3-0: Called Strike 3-1: Foul Ball, location: 2F 3-2: Ground out 6-3 (Groundball, 6)
|
Batting: RHB Kelly Graham
|
0-0: Ball 1-0: Called Strike 1-1: Ball 2-1: Fly out, F8 (Flyball, 8RM)
|
Batting: RHB Paul Spencer
|
0-0: Ball 1-0: Called Strike 1-1: Ball 2-1: Ground out 6-3 (Groundball, 6M)
|
Top of the 8th over - 0 run(s), 0 hit(s), 0 error(s), 0 left on base; Waba 5 - Topeka 4 |
BOTTOM OF THE 8TH |
Topeka Tornados batting - Pitching for Waba Ducks : RHP Sergio Torres
|
Pitching: LHP Felipe Rivera
|
|
Now at 1B: Fernando Cruz
|
|
Batting: LHB Ryan Drake
|
0-0: Ground out U3 (Groundball, 3)
|
Pitching: RHP Bartolo Romo
|
|
Batting: SHB Javier Peña
|
0-0: Called Strike 0-1: Ball 1-1: Called Strike 1-2: DOUBLE (Line Drive, 9D)
|
Batting: SHB Giancarlo Giannini
|
0-0: Ball 1-0: Ball 2-0: Called Strike 2-1: SINGLE (Groundball, 6MD) Javier Peña to third Runner from 3rd tries for Home, SAFE, no throw
|
Batting: LHB José López
|
0-0: Called Strike 0-1: Ball 1-1: DOUBLE (Flyball, 8LXD) Giancarlo Giannini to third
|
Batting: LHB Yoshiaki Ohayashi
|
0-0: Intentional Walk
|
Pinch Hitting: LHB Alfredo Sánchez
|
0-0: Called Strike 0-1: Ball 1-1: Ball 2-1: Foul Ball, location: 2F 2-2: DOUBLE (Flyball, 8RXD) Giancarlo Giannini scores José López scores Yoshiaki Ohayashi to third
|
Pitching: RHP José Rivera
|
|
Pinch Hitting: LHB Edward Rose
|
0-0: Intentional Walk
|
Batting: RHB Cho-yun Qiao
|
0-0: Swinging Strike 0-1: Called Strike 0-2: Ball 1-2: Ball 2-2: Strikes out swinging
|
Batting: RHB Bob Hall
|
0-0: Fly out, F8 (Line Drive, 89M)
|
Bottom of the 8th over - 3 run(s), 4 hit(s), 0 error(s), 3 left on base; Waba 5 - Topeka 7 |
TOP OF THE 9TH |
Waba Ducks batting - Pitching for Topeka Tornados : RHP Reginaldo Coscia
|
Pitching: RHP Masamichi Samurakami
|
|
Now at 3B: Armando Méndez
|
|
Now at SS: José González
|
|
Batting: SHB Alex Aguilar
|
0-0: Called Strike 0-1: Ball 1-1: Foul Ball, location: 2F 1-2: Strikes out looking
|
Batting: LHB José Rodríguez
|
0-0: Foul Ball, location: 2F 0-1: Ground out 4-3 (Groundball, 4)
|
Batting: RHB Pedro Molina
|
0-0: Foul Ball, location: 2F 0-1: Foul Ball, location: 2F 0-2: Ball 1-2: Ball 2-2: Fly out, F7 (Flyball, 78M)
|
Top of the 9th over - 0 run(s), 0 hit(s), 0 error(s), 0 left on base; Waba 5 - Topeka 7 |
|